 Dungeon Crawl Stone Soup version 0.24.0-13-gcf9b319 (webtiles) character file.

Game seed: 15332803149165460710, levelgen mode: deterministic

2295 Gazorpazorpfield the Thaumaturge (level 9, 0/45 HPs)
             Began as a Deep Elf Summoner on May 3, 2020.
             Was a Believer of Sif Muna.
             Killed from afar by a guardian golem (45 damage)
             ... with an exploding inner flame
             ... summoned by the player character
             ... hexed by INVALID YOU_FAULTLESS
             ... on level 9 of the Dungeon.
             The game lasted 00:38:50 (9124 turns).

Gazorpazorpfield the Thaumaturge (DESu)             Turns: 9124, Time: 00:38:51

Health: 0/45       AC:  2    Str:  5    XL:     9   Next: 17%
Magic:  21/25      EV: 20    Int: 24    God:    Sif Muna [**....]
Gold:   562        SH:  0    Dex: 15    Spells: 11/28 levels left

rFire    . . .     SeeInvis .   r - +0 quarterstaff (protect)
rCold    . . .     Gourm    .   (shield currently unavailable)
rNeg     . . .     Faith    .   j - +0 robe
rPois    .         Spirit   .   (no helmet)
rElec    .         Reflect  .   (no cloak)
rCorr    .         Harm     .   (no gloves)
MR       .....                  (no boots)
Stlth    +++.......             t - amulet of magic regeneration
HPRegen  0.15/turn              k - +5 ring of evasion
MPRegen  0.44/turn              (no ring)

@: no status effects
A: no striking features
a: Channel Magic, Renounce Religion


You were on level 9 of the Dungeon.
You worshipped Sif Muna.
Sif Muna was pleased with you.
You were not hungry.

You visited 2 branches of the dungeon, and saw 10 of its levels.

You collected 562 gold pieces.

Inventory:

Hand Weapons
 p - a +0 dagger of venom
 r - a +0 quarterstaff of protection (weapon)
Armour
 j - a +0 robe (worn)
Jewellery
 k - a +5 ring of evasion (left hand)
 t - an amulet of magic regeneration (around neck)
Wands
 u - a wand of flame (12)
 C - a wand of acid (7)
 D - a wand of disintegration (12)
 F - a wand of enslavement (10)
Scrolls
 a - 2 scrolls of fear
 d - 2 scrolls of remove curse
 g - a scroll of immolation
 i - 2 scrolls of magic mapping
 l - 2 scrolls of teleportation
 m - 3 scrolls of fog
 q - 2 scrolls of amnesia
 w - 2 scrolls of enchant armour
 y - a scroll of blinking {unknown}
 B - 2 scrolls of vulnerability {unknown}
 E - a scroll of enchant weapon {unknown}
 H - a scroll of silence {unknown}
Potions
 e - 4 potions of lignification
 f - a potion of cancellation
 h - 3 potions of curing
 n - 2 potions of mutation
 o - a potion of haste {unknown}
 s - a potion of might {unknown}
 v - a potion of agility {unknown}
 x - 2 potions of flight {unknown}
 z - 3 potions of heal wounds {unknown}
Comestibles
 b - 2 chunks of flesh
 c - 16 rations


   Skills:
 - Level 5.4 Dodging
 - Level 5.8 Stealth
 + Level 10.1 Spellcasting
 * Level 9.7 Summonings


You had 11 spell levels left.
You knew the following spells:

 Your Spells              Type           Power        Failure   Level  Hunger
a - Summon Small Mammal   Summ           ####         1%          1    None
b - Call Imp              Summ           ######..     1%          2    None
c - Call Canine Familiar  Summ           ######..     1%          3    None
d - Summon Guardian Gole  Hex/Summ       #####...     2%          3    None
e - Summon Ice Beast      Ice/Summ       #####...     7%          4    #......
f - Summon Lightning Spi  Summ/Air       #####...     7%          4    #......

Your spell library contained the following spells:

 Spells                   Type           Power        Failure   Level  Hunger


Dungeon Overview and Level Annotations

Branches:
Dungeon (9/15)             Temple (1/1) D:4
   Lair: D:8-11         Orc: D:9-12

Altars:
Ashenzari
Cheibriados
Dithmenos
Elyvilon
Fedhas
Gozag
Hepliaklqana
Kikubaaqudgha
Makhleb
Nemelex Xobeh
Okawaru
Qazlal
Ru
Sif Muna
Trog
Uskayaw
Vehumet
Wu Jian
Xom
The Shining One

Annotations:
D:7 3 runed translucent doors, mindtowaste's ghost, novice GrGl


Message History

Attack!
Your warg bites the yak.
The hog misses your warg. The yak gores your warg!
What are your orders? t - Shout!
Orders for allies: a - Attack new target. p - Attack previous target. r - Retreat! s - Stop attacking. g - Guard the area. f - Follow me.
Anything else - Cancel.
Gang up on whom?
Press: ? - help, Dir - move target cursor, f/p - yak
Aim: a yak (severely wounded) Attack!
Your warg barely misses the hog.
The hog bites your iron imp!
Your guardian golem explodes!
The fiery explosion engulfs your crimson imp.
Your crimson imp completely resists.
The fiery explosion engulfs your crimson imp.
Your crimson imp completely resists.
The fiery explosion engulfs you!!!
Ouch! That really hurt!
You die...

....5##...##.h#####...[..))÷.....
...........#.####..........).....
....###.......55.......#...._....
....##..##########(....#.........
#.## #..#.....#..............)...
#. #^.#.h...#..................
## #..###'###§§....###.........
#..#%..hh#§....## #.........
#..#%%.Y555@..## #.........
...#######....# #....>....
......# #......... #......#
##........ ######## ##......#


You could see a yak, a hog, a friendly warg, a friendly iron imp and 2 friendly
crimson imps.

Vanquished Creatures
  2 goblins (D:3)
  A hobgoblin (D:3)
  A frilled lizard (D:3)
  3 rats
7 creatures vanquished.

Vanquished Creatures (collateral kills)
  A two-headed ogre (D:8)
  A hornet (D:8)
  A yak (D:9)
  A hog (D:9)
  A human (D:9)
  2 hungry ghosts
  A steam dragon (D:8)
  2 water moccasins
  An orc warrior (D:8)
  2 sky beasts
  3 phantoms
  2 necrophages (D:8)
  An ice beast (D:6)
  5 ogres
  2 centaurs
  7 bullfrogs
  A scorpion (D:8)
  A crimson imp (D:8)
  A centaur zombie (D:8)
  A quasit (D:9)
  3 orc priests
  A centaur skeleton (D:8)
  4 orc wizards
  2 iguanas
  2 worker ants (D:6)
  2 hound skeletons
  A worker ant zombie (D:7)
  14 gnolls
  3 adders
  A shadow imp (D:7)
  An ooze (D:4)
  3 worms
  2 dart slugs
  5 leopard geckos
  30 orcs
  4 giant cockroaches
  4 goblins
  9 hobgoblins
  9 jackals
  4 quokkas
  6 bats
  9 frilled lizards
  6 kobolds
  A leopard gecko skeleton (D:4)
  4 rats
167 creatures vanquished.

Vanquished Creatures (others)
  A plant (D:3)
1 creature vanquished.

Grand Total: 175 creatures vanquished

Notes
Turn   | Place    | Note
-------+----------+-------------------------------------------
     0 | D:1      | Gazorpazorpfield the Deep Elf Summoner began the quest for
                  | the Orb.
     0 | D:1      | Reached XP level 1. HP: 10/10 MP: 6/6
   500 | D:1      | Reached XP level 2. HP: 15/15 MP: 2/8
   518 | D:1      | Learned a level 2 spell: Call Imp
   963 | D:2      | Found a sacrificial altar of Ru.
  1369 | D:2      | Reached XP level 3. HP: 18/19 MP: 2/10
  1374 | D:2      | Reached skill level 5 in Summonings
  1691 | D:2      | Reached skill level 4 in Spellcasting
  1946 | D:3      | Reached XP level 4. HP: 24/24 MP: 3/12
  1951 | D:3      | Learned a level 3 spell: Call Canine Familiar
  1955 | D:3      | Learned a level 3 spell: Summon Guardian Golem
  2578 | D:3      | Noticed an ogre
  2594 | D:3      | Killed an ogre
  2721 | D:3      | Reached skill level 5 in Spellcasting
  2722 | D:3      | Reached XP level 5. HP: 23/28 MP: 4/14
  2728 | D:3      | Learned a level 4 spell: Summon Ice Beast
  2835 | D:3      | Found a hazy altar of Hepliaklqana.
  2836 | D:3      | Found a hide-covered altar of Uskayaw.
  2965 | D:3      | Found an opulent altar of Gozag.
  3479 | D:4      | Noticed a spatial vortex
  3497 | D:4      | Noticed a phantom
  3499 | D:4      | Noticed a phantom
  3639 | D:4      | Found a staircase to the Ecumenical Temple.
  3680 | Temple   | Entered the Ecumenical Temple
  3774 | Temple   | Became a worshipper of Sif Muna the Loreminder
  3949 | D:4      | Noticed an ogre
  4238 | D:4      | Killed an ogre
  4362 | D:4      | Killed a phantom
  4362 | D:4      | Reached XP level 6. HP: 32/32 MP: 1/16
  4571 | D:4      | Reached skill level 6 in Spellcasting
  4861 | D:5      | Entered Level 5 of the Dungeon
  5634 | D:5      | Reached * piety under Sif Muna
  5651 | D:5      | Learned a level 4 spell: Summon Lightning Spire
  6030 | D:6      | Noticed an ice beast
  6038 | D:6      | Killed an ice beast
  6038 | D:6      | Reached XP level 7. HP: 36/36 MP: 3/19
  6096 | D:6      | Reached skill level 7 in Spellcasting
  7004 | D:7      | Found a blossoming altar of Fedhas.
  7012 | D:7      | Reached skill level 5 in Stealth
  7432 | D:7      | Found a runed translucent gate.
  7437 | D:7      | Found a runed translucent gate.
  7458 | D:7      | Found a runed translucent gate.
  7530 | D:7      | Reached skill level 5 in Dodging
  7558 | D:7      | Noticed mindtowaste's ghost (novice GrGl)
  7559 | D:7      | Identified the +8 short sword "Grim" {pain, *Contam Str+8
                  | Int+3}
  7613 | D:7      | Noticed a hungry ghost
  7628 | D:7      | Killed a hungry ghost
  7637 | D:7      | Found a blossoming altar of Fedhas.
  7910 | D:8      | Reached skill level 8 in Spellcasting
  7995 | D:8      | Reached XP level 8. HP: 41/41 MP: 22/22
  8496 | D:8      | Reached ** piety under Sif Muna
  8518 | D:8      | Noticed a hornet
  8536 | D:8      | Killed a hornet
  8536 | D:8      | Reached skill level 9 in Spellcasting
  8758 | D:8      | Noticed a two-headed ogre
  8783 | D:8      | Killed a two-headed ogre
  8899 | D:9      | Found a shattered altar of Ashenzari.
  8978 | D:9      | Reached XP level 9. HP: 45/45 MP: 17/24
  9007 | D:9      | Found a sparkling altar of Nemelex Xobeh.
  9115 | D:9      | Reached skill level 10 in Spellcasting
  9124 | D:9      | Killed from afar by a guardian golem

Levels and vault maps discovered:
D:1:      ebering_trefoil_twist, layout_loops_ring, serial_glass,
          glass_columns_c, glass_columns_a, item_on_display_a,
          chequers_serial_rivers_micro_c
D:2:      layout_loops_ring, nicolae_ru_sacrificial_ziggurat
D:3:      layout_basic, nicolae_gozag_cash_rules_everything_around_me,
          gammafunk_temple_overflow_wave, first_ration
D:4:      layout_basic, minmay_temple_entry_wispy, minmay_box_of_dots
D:5:      layout_loops_corners
D:6:      layout_basic
D:7:      cheibrodos_quashed, layout_cave_pools, fedhas_ov_isle_minmay,
          gammafunk_ghost_nasty_kobolds, basic_altar
D:8:      layout_basic
D:9:      layout_rooms, overflow_temple_1_default,
          nemelex_xobeh_ov_fountains_minmay, grunt_livestock
Temple:   eino_temple_scatter_basement

Skill      XL: |  1  2  3  4  5  6  7  8  9 |
---------------+----------------------------+-----
Summonings     | 5 6 9 |  9.7
Spellcasting   | 4 5 6 8 9 10 | 10.1
Stealth        | 3 4 5 |  5.8
Dodging        | 3 4 5 |  5.4

Action                   |  1- 3 |  4- 6 |  7- 9 || total
-------------------------+-------+-------+-------++-------
Melee: Unarmed           |     6 |       |       ||     6
       Quarterstaff      |       |     9 |       ||     9
 Cast: Summon Small Mamm |    91 |     7 |     2 ||   100
       Call Imp          |    22 |    69 |    32 ||   123
       Call Canine Famil |       |    24 |    17 ||    41
       Summon Guardian G |       |     5 |     3 ||     8
       Summon Ice Beast  |       |     9 |    22 ||    31
       Summon Lightning  |       |       |    11 ||    11
  Use: Scroll            |       |     8 |     7 ||    15
 Stab: Sleeping          |     1 |     4 |       ||     5
  Eat: Chunk             |     3 |    16 |    11 ||    30
Armor: Robe              |     9 |     3 |     1 ||    13
Dodge: Dodged            |    30 |    37 |    16 ||    83
